 Dungeon Crawl Stone Soup version 0.28-a0-1389-gc726bef33b (webtiles) character file.

Game seed: 2564019490973378792

38 Grim the Poker (level 3, 0/29 HPs)
             Began as a Formicid Fighter on Jan 3, 2022.
             Succumbed to an adder's poison
             ... on level 2 of the Dungeon.
             The game lasted 00:01:49 (1249 turns).

Grim the Poker (Formicid Fighter)                   Turns: 1249, Time: 00:01:50

Health: 0/29       AC:  6    Str: 19 (20) XL:     3   Next: 65%
Magic:  3/3        EV:  9    Int:  7 (9)  God:
Gold:   55         SH:  4    Dex:  8 (10) Spells: 2/2 levels left

rFire   . . .      SeeInvis +   a - +0 trident
rCold   . . .      Faith    .   c - +0 buckler
rNeg    . . .      Spirit   .   b - +0 scale mail
rPois   .          Reflect  .   (helmet unavailable)
rElec   .          Harm     .   (no cloak)
rCorr   .          Rampage  .   (no gloves)
Will    .....                   (no boots)
Stlth   ..........              (no amulet)
HPRegen 0.09/turn               (no ring)
MPRegen 0.08/turn               (no ring)

@: lethally poisoned (0 -> -7)
A: permanent stasis, dig shafts and tunnels, antennae 3, four strong arms
a: Dig, Shaft Self


You were on level 2 of the Dungeon.
You visited 1 branch of the dungeon, and saw 2 of its levels.

You collected 55 gold pieces.

Inventory:

Hand Weapons
 a - a +0 trident (weapon)
Armour
 b - a +0 scale mail (worn)
 c - a +0 buckler (worn)
Scrolls
 f - 2 scrolls of identify {unknown}
 g - a scroll of noise {unknown}
 h - a scroll of enchant armour {unknown}
Potions
 d - a potion of might


   Skills:
 - Level 3.2 Fighting
 + Level 3.7 Polearms
 - Level 3.2 Armour
 - Level 3.6 Shields


You had 2 spell levels left.
You didn't know any spells.
Your spell library was empty.

Dungeon Overview and Level Annotations

Branches:
Dungeon (2/15)

Altars:


Innate Abilities, Weirdness & Mutations

You cannot be hasted, slowed, berserked, paralysed or teleported.
You can dig through walls and to a lower floor.
You have a pair of large antennae on your head. (SInv)
Your four strong arms can wield two-handed weapons with a shield.


Message History

The adder bites you. The adder closely misses you.
You miss the adder.
The adder is almost dead.
The adder bites you.
* * * LOW HITPOINT WARNING * * *
You are poisoned.
The adder poisons you!
You miss the adder.
The adder is almost dead.
You feel sick. The adder bites you but does no damage. The adder bites you.
* * * LOW HITPOINT WARNING * * *
You are more poisoned.
The adder poisons you!
You barely miss the adder.
The adder is almost dead.
* * * LOW HITPOINT WARNING * * *
You feel sick. The adder bites you.
* * * LOW HITPOINT WARNING * * *
You are lethally poisoned!
The adder poisons you!
You barely miss the adder.
The adder is almost dead.
* * * LOW HITPOINT WARNING * * *
You feel very sick. The adder closely misses you.
The adder bites you but does no damage.
You completely miss the adder.
The adder is almost dead.
* * * LOW HITPOINT WARNING * * *
You feel very sick. You block the adder's attack.
Unknown command.
It was a potion of degeneration.
There was something very wrong with that liquid.
You feel weakened.
You feel dopey.
You feel clumsy.
* * * LOW HITPOINT WARNING * * *
You feel sick. The adder bites you but does no damage.
Unknown command.
You barely miss the adder.
The adder is almost dead.
You die...

#....# #.##########
#....#
#......##<########
#....#
######.##.........
#####'####
###'###########
#..[.....#
#..(.....#
#........#
#........#
#######..#
#........#
#....†#####........#
#.###.SS@.'........#
#.#####........# #.#
########## ###


You could see an adder and a ball python.

Vanquished Creatures
  An adder (D:2)
  A dart slug (D:1)
  2 bats
  3 endoplasms (D:1)
  A giant cockroach (D:2)
  A hobgoblin (D:1)
  2 kobolds
  A quokka (D:1)
  4 ball pythons (D:1)
  2 frilled lizards
  4 goblins (D:1)
  2 rats (D:1)
24 creatures vanquished.

Notes
Turn   | Place    | Note
-------+----------+-------------------------------------------
     0 | D:1      | Grim the Formicid Fighter began the quest for the Orb.
     0 | D:1      | Reached XP level 1. HP: 18/18 MP: 1/1
   304 | D:1      | Reached XP level 2. HP: 24/24 MP: 2/2
   758 | D:1      | Reached XP level 3. HP: 24/29 MP: 3/3
  1249 | D:2      | Succumbed to an adder's poison

Illustrated notes

Levels and vault maps discovered:
D:1:      lemuel_arrival_rhombus, layout_basic, minmay_pentomino_p2
D:2:      layout_basic, minmay_misc_feat_ornament

Skill      XL: |  1  2 |
---------------+-------+-----
Polearms       | 3 |  3.7
Fighting       | |  3.2
Armour         | |  3.2
Shields        | |  3.6

Action                   || total
-------------------------++-------
Melee: Trident           ||   103
  Use: Potion            ||     1
Armor: Scale mail        ||    36
Dodge: Dodged            ||    43
Block: Buckler           ||    15

Table legend: (Time is in decaauts)
 A = Elapsed time spent in this place.
 B = Non-inter-level travel time spent in this place.
 C = Inter-level travel time spent in this place.
 D = Time resting spent in this place.
 E = Time spent auto-exploring this place.
 F = Levels seen in this place.
 G = Mean time per level.
                   A        B        C        D        E       F      G
               +--------+--------+--------+--------+--------+-----+--------+
         Total |   1263 |   1261 |      2 |     41 |    992 |   2 |  631.5 |
       Dungeon |   1263 |   1261 |      2 |     41 |    992 |   2 |  631.5 |
               +--------+--------+--------+--------+--------+-----+--------+

Top non-repeatable levels by time:
     D:1: 1078 daAuts
     D:2: 184 daAuts
